AoeStats
← Lord_Wilfredo

Arabia

508806983Analyzed
4v4 RM · 8d ago on Sep 24, 2026· 37m 32s· 8 players
Game mode
Random Map
Map size
Large (8 player)
Population
200
Speed
Normal
Resources
Standard
Victory
Conquest
Starting age
Dark Age
Ending age
Imperial Age
RankedLock teamsTeams togetherTeam positionsShared explorationLock speedFull tech treeHidden civsTurbo modeCheats
Victory
Defeat
🇲🇽 Varangians · Mexico
1418
+12
🇲🇽 Ethiopians · Mexico
1352
+14
🇲🇽 Maya · Mexico
1352
+14
🇺🇸 Poles · United States
1307
+17
🇹🇼 Khmer · Taiwan
1341
-15
🇦🇷 Huns · Argentina
1338
-15
🇯🇵 Franks · Japan
1308
-14
🇨🇦 Dravidians · Canada
1287
-13
GermanIvk052008
6:41 Loom
9:20 Feudal Age
9:53 Double-Bit Axe
16:25 Fletching
20:58 Padded Archer Armor
23:29 Gold Mining
29:11 Castle Age
claretta's skirt
6:38 Loom
9:29 Feudal Age
10:09 Double-Bit Axe
12:58 Scale Barding Armor
21:43 Castle Age
20:26 Forging
23:29 Chain Barding Armor
23:05 Gold Mining
23:52 Husbandry
23:51 Light Cavalry
28:45 Iron Casting
飛衫走奶
5:30 Loom
9:19 Feudal Age
10:56 Forging
15:50 Scale Barding Armor
16:40 Bloodlines
17:10 Double-Bit Axe
18:18 Horse Collar
22:31 Wheelbarrow
27:11 Castle Age
27:13 Light Cavalry
28:29 Iron Casting
28:05 Bow Saw
27:57 Heavy Plow
28:47 Chain Barding Armor
29:11 Husbandry
Lord_Wilfredo
6:20 Loom
9:00 Feudal Age
9:40 Double-Bit Axe
17:21 Wheelbarrow
17:03 Bloodlines
18:52 Forging
22:56 Castle Age
21:37 Fletching
23:43 Bodkin Arrow
24:07 Bow Saw
23:44 Town Watch
26:47 Padded Archer Armor
26:49 Husbandry
27:35 Ballistics
28:16 Gold Mining
34:50 Thumb Ring
37:42 Leather Archer Armor
OM | SISKO PRO
6:47 Loom
9:16 Feudal Age
9:46 Double-Bit Axe
9:41 Horse Collar
14:13 Town Watch
15:41 Bloodlines
17:05 Wheelbarrow
22:26 Scale Mail Armor
22:39 Forging
24:58 Castle Age
22:59 Gold Mining
23:44 Scale Barding Armor
24:12 Forging
26:17 Chain Barding Armor
26:20 Bow Saw
25:42 Light Cavalry
29:01 Iron Casting
30:50 Husbandry
38:30 Imperial Age
Dusk_
0:27 Loom
6:35 Loom
9:58 Feudal Age
10:40 Double-Bit Axe
11:40 Bloodlines
12:28 Horse Collar
13:43 Scale Barding Armor
15:04 Town Watch
17:21 Forging
23:47 Castle Age
22:44 Gold Mining
23:48 Light Cavalry
24:29 Husbandry
25:37 Heavy Plow
26:29 Chain Barding Armor
27:03 Wheelbarrow
28:12 Iron Casting
29:41 Hand Cart
OM | Romeo D. Sins
0:26 Loom
8:59 Feudal Age
9:32 Double-Bit Axe
14:09 Fletching
14:34 Horse Collar
16:02 Padded Archer Armor
19:03 Wheelbarrow
19:04 Gold Mining
23:48 Castle Age
24:40 Bow Saw
24:33 Heavy Plow
24:30 Bodkin Arrow
23:57 Crossbowman
29:53 Leather Archer Armor
34:52 Ballistics
34:49 Thumb Ring
38:45 Imperial Age
OM | Massiosare
9:31 Feudal Age
23:43 Castle Age
23:26 Padded Archer Armor
23:52 Fletching
25:57 Crossbowman
32:52 Leather Archer Armor
33:20 Bodkin Arrow
35:47 Thumb Ring
36:07 Ballistics
35:56 Thumb Ring
Connection lost

Rejoining the realm…

Still unreachable

The connection could not be restored.

Session expired

The server has moved on; the page needs a fresh start.